 Dungeon Crawl Stone Soup version 0.28-a0-1190-g77e1c55843 (webtiles) character file.

Game seed: 9678313672656032393

1851 ChaosChampion the Martial Artist (level 8, -1/100 (103) HPs)
             Began as a Green Draconian Transmuter on Dec 18, 2021.
             Was a Follower of Ru.
             Slain by a wight (7 damage)
             ... on level 6 of the Dungeon.
             The game lasted 00:11:43 (8524 turns).

ChaosChampion the Martial Artist (DrTm)             Turns: 8524, Time: 00:11:44

HP:   -1/100 (103)  AC: 24    Str: 12    XL:     8   Next: 88%
MP:   11/11         EV:  2    Int: 16    God:    Ru [*.....]
Gold: 240           SH:  0    Dex: 12    Spells: 5/11 levels left

rFire   + . .      SeeInvis .     - Unarmed
rCold   + . .      Faith    .   (no shield)
rNeg    + . .      Spirit   .   (armour unavailable)
rPois   +          Reflect  .   (helmet currently unavailable)
rElec   +          Harm     .   (cloak currently unavailable)
rCorr   +          Rampage  .   (gloves currently unavailable)
Will    .....      NoTele   +   (boots currently unavailable)
Stlth   +.........              (no amulet)
HPRegen 0.26/turn               l - ring of positive energy
MPRegen 0.12/turn               (no ring)

@: mighty, lethally poisoned (-1 -> -4), tree-form, resistant, lightly drained,
unable to read
A: stationary, stasis, torment immunity, boosted hp, (breathe noxious fumes), AC
+6, unfitting armour, (poison resistance), (cold-blooded), inability to read
while threatened, wild magic 1
a: Renounce Religion


You were on level 6 of the Dungeon.
You worshipped Ru.
Ru was aware of your devotion.
You were a tree.
You visited 2 branches of the dungeon, and saw 7 of its levels.
You also visited: Sewer.

You collected 240 gold pieces.

Inventory:

Armour
 h - a +0 pair of boots (melded)
Jewellery
 l - a ring of positive energy (left branch)
Scrolls
 a - a scroll of noise {unknown}
 b - 2 scrolls of magic mapping {unknown}
 c - a scroll of silence {unknown}
 d - 8 scrolls of immolation {unknown}
 f - 3 scrolls of identify {unknown}
 i - a scroll of amnesia {unknown}
 j - a scroll of acquirement {unknown}
 k - a scroll of vulnerability {unknown}
 m - 3 scrolls of teleportation {unknown}
 o - a scroll of enchant weapon {unknown}
 s - 2 scrolls of blinking {unknown}
Potions
 n - a potion of attraction {unknown}
 p - a potion of lignification
 q - a potion of resistance
 r - a potion of mutation
 t - a potion of haste {unknown}


   Skills:
 + Level 5.6 Fighting
 - Level 1.7 Dodging
 * Level 8.1 Unarmed Combat
 - Level 2.0 Spellcasting
 + Level 5.4 Transmutations
 * Level 5.6 Poison Magic


You had 5 spell levels left.
You knew the following spells:

 Your Spells              Type           Power      Damage    Failure   Level
a - Beastly Appendage     Tmut           48%        N/A       4%          1
b - Wereblood             Tmut           24%        N/A       5%          2
c - Spider Form           Tmut/Pois      25%        N/A       10%         3

Your spell library contained the following spells:

 Spells                   Type           Power      Damage    Failure   Level
 Call Canine Familiar     Summ           2%         N/A       61%         3
 Portal Projectile        Hex/Tloc       4%         N/A       61%         3
 Ice Form                 Ice/Tmut       13%        N/A       65%         4
 Leda's Liquefaction      Hex/Erth       1%         N/A       94%         4


Dungeon Overview and Level Annotations

Branches:
Dungeon (6/15)             Temple (1/1) D:5           Sewer (visited)

Altars:
Ashenzari
Cheibriados
Gozag
Kikubaaqudgha
Nemelex Xobeh
Okawaru
Qazlal
Ru
Sif Muna
Trog
Uskayaw
Vehumet
Wu Jian
Xom
Yredelemnul
Zin
The Shining One

Shops:
D:3 (==?

Annotations:
D:5 ChaosChampion's ghost, novice DECj


Innate Abilities, Weirdness & Mutations

You are a tree.
Your roots penetrate the ground, keeping you stationary.
You cannot be teleported.
You are immune to unholy pain and torment.
Your maximum health is greatly increased.
Your equipment is partially melded.
((You can breathe blasts of noxious fumes.))
((Your lurid green scales are hard. (AC +6)))
You cannot fit into any form of body armour.
((Your system is resistant to poisons. (rPois)))
((You are cold-blooded and may be slowed by cold attacks.))
You sometimes lose the ability to read scrolls when taking damage.
Your spells are a little harder to cast, but a little more powerful.


Message History

The water moccasin poisons you! The wight misses you.
You hit the water moccasin.
You kill the water moccasin!
* * * LOW HITPOINT WARNING * * *
You feel extremely sick. The wight completely misses you.
* * * LOW HITPOINT WARNING * * *
You feel extremely sick.
* * * LOW HITPOINT WARNING * * *
You feel very sick.
You feel much better.
You feel very sick.
The wight hits you from afar with a +3 halberd!
You feel threatened and lose the ability to read scrolls!
* * * LOW HITPOINT WARNING * * *
You partially resist.
You feel drained.
* * * LOW HITPOINT WARNING * * *
* * * LOW HITPOINT WARNING * * *
You feel very sick.
* * * LOW HITPOINT WARNING * * *
You feel very sick.
It was a potion of lignification.
Your transformation has ended.
Your +0 pair of boots unmelds from your body.
You turn into a tree.
Your +0 pair of boots melds into your body.
Your roots penetrate the ground.
You feel sick. The wight hits you but does no damage.
It was a potion of mutation.
You feel extremely strange.
You feel less in control of your magic.
You feel sick. The wight hits you but does no damage.
It was a potion of resistance.
You feel protected.
You feel sick. The wight hits you but does no damage.
You cannot read scrolls in your current state!
It was a potion of might.
You feel very mighty all of a sudden.
You feel sick.
The wight hits you from afar with a +3 halberd!
You die...

#..#≈≈≈≈≈≈≈#.###.#
#....≈≈≈≈≈....##.#
#....#...#....##.#
####..........##.###..
#.....#..#............
#.....##.#.#####.####.
#.....'†.#............
##.....####..####.#####
#.....♣# #..# #.#
#......# #..# #.#
#...z..# #..# #.#
#......# ##.## #.#
#......# #).# #.#
#†###### #.†###.# #'#
#...# .# #........#
#.#.##.# #.........#
#.#..#.#


You could see a wight.

Vanquished Creatures
  3 yaks (D:6)
  A water moccasin (D:6)
  A sky beast (D:6)
  2 ogres
  2 phantoms
  2 kobold brigands (Sewer)
  A scorpion (D:6)
  A water moccasin zombie (D:5)
  2 centaur zombies (D:5)
  A jelly (D:4)
  2 centaur skeletons (D:6)
  A gnoll shaman (D:5)
  An orc priest (D:5)
  An iguana (D:4)
  Natasha (thrice) (D:4)
  An orc wizard (D:4)
  A killer bee zombie (D:5)
  6 gnolls
  2 howler monkey skeletons
  A river rat (Sewer)
  10 adders
  An ufetubus (D:4)
  4 worms (Sewer)
  A dart slug (D:2)
  5 orcs
  11 ball pythons
  6 bats
  6 endoplasms
  4 giant cockroaches
  7 goblins
  6 hobgoblins
  15 kobolds
  2 quokkas
  3 frilled lizards
  15 rats
131 creatures vanquished.

Vanquished Creatures (others)
  An adder (Sewer)
1 creature vanquished.

Grand Total: 132 creatures vanquished

Notes
Turn   | Place    | Note
-------+----------+-------------------------------------------
     0 | D:1      | ChaosChampion the Draconian Transmuter began the quest for
                  | the Orb.
     0 | D:1      | Reached XP level 1. HP: 16/16 MP: 3/3
   179 | D:1      | Found a faded altar of an unknown god.
   204 | D:1      | Reached XP level 2. HP: 17/23 MP: 3/5
  1469 | D:1      | Reached XP level 3. HP: 29/29 MP: 6/6
  1482 | D:1      | Learned a level 2 spell: Wereblood
  1857 | D:2      | Reached skill level 4 in Unarmed Combat
  1866 | D:2      | Reached XP level 4. HP: 31/36 MP: 4/7
  2594 | D:3      | Found Citzous's Antique Weapon Emporium.
  2598 | D:3      | Found Ibbas's Jewellery Emporium.
  2619 | D:3      | Found Ubejoc's Jewellery Emporium.
  2767 | D:3      | Found Tuavvewn's Magic Scroll Shop.
  3147 | D:4      | Noticed Natasha
  3155 | D:4      | Killed Natasha
  3156 | D:4      | Reached XP level 5. HP: 29/42 MP: 6/8
  3375 | D:4      | Reached skill level 5 in Unarmed Combat
  3668 | D:4      | Noticed Natasha
  3669 | D:4      | Found a sparkling altar of Nemelex Xobeh.
  3684 | D:4      | Killed Natasha
  3905 | D:4      | Noticed Natasha
  3913 | D:4      | Killed Natasha
  3923 | D:4      | Noticed a phantom
  3965 | D:4      | Killed a phantom
  3966 | D:4      | Reached XP level 6. HP: 44/51 MP: 5/9
  4528 | D:5      | Entered Level 5 of the Dungeon
  4528 | D:5      | Found a staircase to the Ecumenical Temple.
  4534 | Temple   | Entered the Ecumenical Temple
  4629 | Temple   | Became a worshipper of Ru the Awakened
  4925 | D:5      | Reached skill level 6 in Unarmed Combat
  4951 | D:5      | Your scales start taking on a lurid green colour.
  4951 | D:5      | Reached XP level 7. HP: 33/59 MP: 7/10
  4951 | D:5      | Gained mutation: Your system is resistant to poisons.
                  | (rPois) [Green Draconian growth]
  5205 | D:5      | Learned a level 3 spell: Spider Form
  5510 | D:5      | Found a runed translucent gate.
  5510 | D:5      | Found a runed translucent gate.
  5512 | D:5      | Found a runed translucent gate.
  5517 | D:5      | Noticed ChaosChampion's ghost (novice DECj)
  5568 | D:5      | Reached skill level 1 in Poison Magic
  7216 | D:6      | Found a glowing drain.
  7262 | Sewer    | Entered a sewer
  7631 | Sewer    | Reached skill level 7 in Unarmed Combat
  7631 | Sewer    | Reached XP level 8. HP: 23/67 MP: 5/11
  7981 | Sewer    | Gained mutation: You sometimes lose the ability to read
                  | scrolls when taking damage. [Ru sacrifice]
  7981 | Sewer    | Reached * piety under Ru
  8209 | D:6      | Reached skill level 5 in Fighting
  8257 | D:6      | Reached skill level 5 in Transmutations
  8319 | D:6      | Reached skill level 5 in Poison Magic
  8324 | D:6      | Reached skill level 8 in Unarmed Combat
  8522 | D:6      | Gained mutation: Your spells are a little harder to cast,
                  | but a little more powerful. [potion of mutation]
  8524 | D:6      | Slain by a wight

Illustrated notes

Levels and vault maps discovered:
D:1:      lightli_arrival_maybe_door_vault, layout_loops_corners,
          chequers_ecumenical_altar_lobes, chequers_mini_garden,
          minmay_door_square
D:2:      layout_loops_ring, minmay_hexomino_u4
D:3:      layout_rooms, serial_shops, shop, shop_statue, shop,
          nicolae_shop_behind_doors
D:4:      layout_loops_corners, nemelex_diamond_rough_becter, uniq_natasha
D:5:      layout_loops_ring, minmay_temple_entry_wispy,
          gammafunk_ghost_necromancy
D:6:      layout_basic, cheibrodos_sewer_entry_drain, minmay_misc_feat_columns,
          uniq_grinder
Temple:   lightli_temple_of_artemis

Skill      XL: |  1  2  3  4  5  6  7  8 |
---------------+-------------------------+-----
Fighting       | 2 3 4 5 |  5.6
Unarmed Combat | 4 5 6 7 8 |  8.1
Transmutations | 3 4 5 |  5.4
Poison Magic   | 3 5 |  5.6
Dodging        | |  1.7
Spellcasting   | |  2.0

Action                   |  1- 3 |  4- 6 |  7- 9 || total
-------------------------+-------+-------+-------++-------
Melee: Unarmed           |    98 |   184 |   241 ||   523
       Kick              |    14 |    23 |    11 ||    48
       Tailslap          |     8 |    16 |    20 ||    44
       Headbutt          |    10 |    14 |     3 ||    27
       Punch             |       |     3 |       ||     3
 Cast: Beastly Appendage |    26 |    21 |     8 ||    55
       Wereblood         |     2 |    10 |     4 ||    16
       Spider Form       |       |       |    11 ||    11
Invok: Sacrifice Words   |       |       |     1 ||     1
 Abil: Breathe Noxious F |       |       |    19 ||    19
  Use: Potion            |       |       |     6 ||     6
 Stab: Confused          |       |       |     9 ||     9
Armor: Skin              |    27 |    81 |    57 ||   165
Dodge: Dodged            |    43 |   120 |   116 ||   279

Table legend: (Time is in decaauts)
 A = Elapsed time spent in this place.
 B = Non-inter-level travel time spent in this place.
 C = Inter-level travel time spent in this place.
 D = Time resting spent in this place.
 E = Time spent auto-exploring this place.
 F = Levels seen in this place.
 G = Mean time per level.
                   A        B        C        D        E       F      G
               +--------+--------+--------+--------+--------+-----+--------+
         Total |   8593 |   8408 |    185 |   1507 |   5516 |   8 | 1074.1 |
       Dungeon |   7491 |   7306 |    185 |   1283 |   4899 |   6 | 1248.5 |
        Temple |    103 |    103 |      0 |      0 |     80 |   1 |  103.0 |
         Sewer |    998 |    998 |      0 |    224 |    537 |   1 |  998.0 |
               +--------+--------+--------+--------+--------+-----+--------+

Top non-repeatable levels by time:
     D:4: 2878 daAuts
     D:1: 1504 daAuts
     D:5: 1266 daAuts
   Sewer: 998 daAuts
     D:2: 800 daAuts
     D:6: 528 daAuts
     D:3: 513 daAuts
  Temple: 103 daAuts
